 Dungeon Crawl Stone Soup version 0.28-a0-1002-gf00fe891ef (webtiles) character file.

Game seed: 12308467800048731115

144 Armakuni the Conjurer (level 5, -4/35 HPs)
             Began as a Human Conjurer on Dec 6, 2021.
             Slain by a scorpion (7 damage)
             ... on level 4 of the Dungeon.
             The game lasted 00:07:52 (3286 turns).

Armakuni the Conjurer (Human Conjurer)              Turns: 3286, Time: 00:07:53

Health: -4/35      AC:  2    Str:  9    XL:     5   Next: 51%
Magic:  7/9        EV: 12    Int: 19    God:
Gold:   19         SH:  0    Dex: 11    Spells: 8/10 levels left

rFire   . . .      SeeInvis .   a - +2 short sword (venom)
rCold   . . .      Faith    .   (no shield)
rNeg    . . .      Spirit   .   d - +0 robe
rPois   .          Reflect  .   (no helmet)
rElec   .          Harm     .   (no cloak)
rCorr   .          Rampage  .   (no gloves)
Will    .....                   (no boots)
Stlth   ++........              (no amulet)
HPRegen 0.11/turn               (no ring)
MPRegen 0.11/turn               (no ring)

@: lethally poisoned (-4 -> -13), flying
A: no striking features
a: no special abilities


You were on level 4 of the Dungeon.
You visited 1 branch of the dungeon, and saw 4 of its levels.

You collected 103 gold pieces.
You spent 84 gold pieces at shops.

Inventory:

Hand Weapons
 a - a +2 short sword of venom (weapon)
Missiles
 c - 9 poisoned darts
Armour
 d - a +0 robe (worn)
Magical Staves
 b - a staff of conjuration
 n - a staff of fire
Wands
 j - a wand of iceblast (8)
Scrolls
 q - a scroll of teleportation
 r - a scroll of fear
Potions
 i - a potion of haste
 o - a potion of resistance {unknown}
 p - a potion of curing {unknown}


   Skills:
 - Level 2.0 Dodging
 - Level 2.0 Stealth
 - Level 3.2 Spellcasting
 + Level 4.9 Conjurations
 + Level 2.5 Evocations


You had 8 spell levels left.
You knew the following spells:

 Your Spells              Type           Power      Damage    Failure   Level
z - Searing Ray           Conj           42%        2d6       3%          2

Your spell library contained the following spells:

 Spells                   Type           Power      Damage    Failure   Level
 Magic Dart               Conj           84%        1d7       1%          1
 Slow                     Hex            12%        N/A       16%         1
 Summon Small Mammal      Summ           12%        N/A       16%         1
 Dazzling Flash           Conj/Hex       24%        N/A       16%         3
 Call Canine Familiar     Summ           3%         N/A       41%         3
 Confusing Touch          Hex            3%         N/A       41%         3
 Summon Guardian Golem    Hex/Summ       3%         N/A       41%         3
 Fulminant Prism          Conj/Hex       6%         3d7       47%         4
 Iskenderun's Mystic Bla  Conj/Tloc      12%        2d5       47%         4
 Yara's Violent Unravell  Hex/Tmut       1%         3d3       99%         5


Dungeon Overview and Level Annotations

Branches:
Dungeon (4/15)
 Temple: D:4-7

Altars:
Dithmenos
Fedhas
Ru

Shops:
D:3 (*


Message History

The dart slug launches a dart at you. The slug dart misses you.
You hit Ijyb but do no damage.
Ijyb looks as sick as possible!
Ijyb is severely wounded.
Ijyb hits you with a +0 dagger. The dart slug launches a dart at you.
The slug dart misses you.
Ijyb screams, "Get away!"
Aiming: Searing Ray (safe; 3% risk of failure)
Press: ? - help, Q - select action, (/) - cycle Shift-Dir - straight line, f - scorpion
Aim: a scorpion (78% to hit)
The searing ray misses Ijyb.
The searing ray misses the scorpion. (Press . to maintain the ray.) Ijyb completely misses you.
The searing ray hits the scorpion but does no damage.
Ijyb hits you with a +0 dagger. The scorpion stings you!
You miss Ijyb.
Ijyb is almost dead.
Ijyb closely misses you. The scorpion misses you. Ijyb barely misses you.
The scorpion closely misses you.
You hit Ijyb.
You kill Ijyb!
The scorpion closely misses you. The scorpion closely misses you.
Okay, then.
You hit the scorpion but do no damage. The scorpion stings you!
* * * LOW HITPOINT WARNING * * *
You are lethally poisoned!
The scorpion poisons you!
You barely miss the scorpion.
* * * LOW HITPOINT WARNING * * *
You feel very sick. The scorpion closely misses you.
The scorpion stings you but does no damage.
It was a potion of flight.
You feel very buoyant.
You fly up into the air.
* * * LOW HITPOINT WARNING * * *
You feel sick. The scorpion stings you!
You die...

###....##..##.........
#......###.#.........#
......#..#
#....###....# .D#..
#..# ##.#...#..... ..#
#.)# #.##.......# ....
#..# #.# .####..#
#.....#..# #....# #..
......ws###.....#
.##...##@........
#.##...###....
......### . .......
...... ..... .... ....


You could see a scorpion and a dart slug.

Vanquished Creatures
  An orc wizard (D:3)
  Ijyb (D:4)
  2 adders
  2 worms (D:3)
  4 dart slugs
  8 bats
  2 endoplasms (D:1)
  5 giant cockroaches
  7 goblins
  6 hobgoblins
  4 kobolds
  A quokka (D:3)
  5 ball pythons
  7 frilled lizards
  11 rats
66 creatures vanquished.

Notes
Turn   | Place    | Note
-------+----------+-------------------------------------------
     0 | D:1      | Armakuni the Human Conjurer began the quest for the Orb.
     0 | D:1      | Reached XP level 1. HP: 13/13 MP: 3/3
   180 | D:1      | Reached XP level 2. HP: 19/19 MP: 2/5
   289 | D:1      | Learned a level 2 spell: Searing Ray
   689 | D:1      | Reached XP level 3. HP: 24/24 MP: 4/7
  1069 | D:1      | Found a faded altar of an unknown god.
  2022 | D:2      | Reached skill level 1 in Evocations
  2022 | D:2      | Reached XP level 4. HP: 19/30 MP: 2/8
  2561 | D:3      | Found a blossoming altar of Fedhas.
  2577 | D:3      | Found a shadowy altar of Dithmenos.
  2734 | D:3      | Found Vayll's General Store.
  2739 | D:3      | Bought a scroll of teleportation for 39 gold pieces
  2739 | D:3      | Bought a scroll of fear for 45 gold pieces
  2826 | D:3      | Found Uwoet's Weapon Emporium.
  2902 | D:3      | Found a sacrificial altar of Ru.
  2920 | D:3      | Reached XP level 5. HP: 35/35 MP: 3/9
  3260 | D:4      | Noticed Ijyb
  3262 | D:4      | Noticed a steam dragon
  3280 | D:4      | Killed Ijyb
  3286 | D:4      | Slain by a scorpion

Illustrated notes

Levels and vault maps discovered:
D:1:      eino_arrival_water_star, layout_loops_cross,
          shapermc_ecumenical_altar_pompeii, minmay_misc_feat_room,
          kennysheep_another_room
D:2:      layout_rooms, wander_ebering_terrifying_dragon_lair
D:3:      layout_basic, grunt_dithmenos_smoke, general_overflow_altar,
          nicolae_ru_great_annihilating_truth, serial_shops, nicolae_shop_trees,
          nicolae_square_shop, amcnicky_mini_pool_small,
          minmay_misc_feat_hallway
D:4:      layout_rooms, minmay_temple_entry_poolview, portal_sewer_entry_b,
          hangedman_decor_lopped, minmay_ruined_shrine, uniq_eustachio,
          uniq_ijyb, uniq_natasha, uniq_robin, uniq_sigmund

Skill      XL: |  1  2  3  4 |
---------------+-------------+-----
Spellcasting   | 3 |  3.2
Evocations     | 1 2 |  2.5
Dodging        | |  2.0
Stealth        | |  2.0
Conjurations   | |  4.9

Action                   |  1- 3 |  4- 6 || total
-------------------------+-------+-------++-------
Melee: Unarmed           |     2 |       ||     2
       Dagger            |     5 |     1 ||     6
       Short sword       |       |    17 ||    17
Throw: Dart              |     3 |       ||     3
 Cast: Magic Dart        |    17 |       ||    17
       Searing Ray       |    26 |    23 ||    49
  Use: Scroll            |       |     6 ||     6
       Potion            |       |     1 ||     1
 Stab: Sleeping          |     1 |       ||     1
Armor: Robe              |     3 |     5 ||     8
Dodge: Dodged            |    18 |    25 ||    43

Table legend: (Time is in decaauts)
 A = Elapsed time spent in this place.
 B = Non-inter-level travel time spent in this place.
 C = Inter-level travel time spent in this place.
 D = Time resting spent in this place.
 E = Time spent auto-exploring this place.
 F = Levels seen in this place.
 G = Mean time per level.
                   A        B        C        D        E       F      G
               +--------+--------+--------+--------+--------+-----+--------+
         Total |   3287 |   3148 |    139 |    839 |   1770 |   4 |  821.8 |
       Dungeon |   3287 |   3148 |    139 |    839 |   1770 |   4 |  821.8 |
               +--------+--------+--------+--------+--------+-----+--------+

Top non-repeatable levels by time:
     D:1: 1203 daAuts
     D:2: 1027 daAuts
     D:3: 993 daAuts
     D:4: 64 daAuts
